Map: Ley Lines

Players

Droczid - Winner!

  • Race: Protoss Protoss
  • League: Diamond
  • Spawn Location: 1:00

LaPanthère

  • Race: Zerg Zerg
  • League: Diamond
  • Spawn Location: 7:00

VOD

Have the link to the VOD?

Description

Time

  • Played on: April 30, 2025, 7:21 p.m.
  • Length: 13:49
Show
View Real Time Build Order
Export as new Build Order

Droczid Protoss - Winner!

Build Orders: Carriers 

Get SALT Encoding   

  12  0:00  Probe  
  13  0:12  Probe  
  14  0:18  Pylon  
  14  0:23  Probe  
  15  0:32  Probe  
  15  0:39  Gateway  
  15  0:40  Probe  
  16  0:47  Assimilator  
  17  0:51  Probe  
  18  1:03  Probe  
  19  1:15  Probe  
  20  1:19  Zealot  
  20  1:23  Gateway  
  20  1:26  Cybernetics Core  
  20  1:30  Pylon  
  22  1:45  Assimilator  
  22  1:46  Zealot  
  22  1:53  Probe  
  24  2:05  Probe, Warp Gate  
  25  2:11  Adept  
  25  2:13  Adept  
  29  2:32  Nexus  
  29  2:41  Adept  
  29  2:42  Probe  
  30  2:50  Probe  
  31  3:00  Pylon  
  31  3:06  Pylon  
  31  3:18  Adept x2, Probe  
  36  3:25  Stargate  
  36  3:30  Probe  
  37  3:43  Shield Battery, Probe  
  37  3:45  Probe  
  39  3:55  Probe  
  40  3:57  Probe  
  37  4:03  Oracle  
  37  4:07  Stalker x2, Probe  
  37  4:09  Probe  
  42  4:19  Probe  
  42  4:21  Probe  
  44  4:35  Stalker x2  
  44  4:37  Probe x2  
  46  4:53  Twilight Council  
  46  4:57  Gateway x2  
  46  5:10  Probe x2  
  46  5:12  Void Ray  
  52  5:21  Assimilator  
  52  5:22  Probe x2  
  52  5:25  Assimilator  
  54  5:30  Blink  
  54  5:34  Probe x2  
  56  5:38  Protoss Air Weapons Level 1  
  56  5:46  Probe x2  
  58  5:54  Nexus  
  58  5:58  Pylon  
  58  6:01  Pylon  
  58  6:02  Pylon  
  58  6:04  Pylon  
  58  6:14  Probe x2  
  60  6:18  Shield Battery  
  60  6:26  Probe x2  
  62  6:33  Fleet Beacon  
  62  6:38  Probe x2  
  64  6:50  Probe x2  
  64  6:53  Stargate  
  66  6:59  Stargate  
  66  7:01  Probe  
  66  7:02  Probe  
  66  7:05  Probe  
  68  7:09  Probe  
  68  7:13  Assimilator, Probe  
  68  7:14  Probe  
  71  7:17  Assimilator, Probe  
  71  7:19  Pylon  
  73  7:22  Probe  
  73  7:26  Pylon  
  73  7:27  Probe  
  73  7:28  Carrier  
  73  7:29  Probe  
  82  7:31  Gateway x2  
  82  7:35  Probe, Gateway  
  83  7:37  Gateway  
  83  7:39  Probe  
  83  7:41  Probe  
  85  7:47  Probe  
  85  7:50  Protoss Air Weapons Level 2  
  85  7:51  Probe  
  87  7:57  Carrier  
  93  8:12  Carrier  
  99  8:14  Nexus  
  99  8:17  Pylon  
  99  8:32  Carrier  
  105  8:38  Robotics Facility  
  105  8:41  Stalker x2  
  105  8:42  Stalker x2  
  113  8:55  Charge  
  111  9:01  Carrier  
  117  9:14  Nexus  
  117  9:17  Pylon  
  117  9:25  Anion Pulse-Crystals  
  108  9:32  Phoenix  
  108  9:36  Phoenix, Probe x3  
  109  9:42  Zealot x4  
  116  9:48  Probe x3  
  116  9:49  Observer  
  120  9:57  Phoenix  
  122  10:00  Probe x3  
  125  10:14  Probe  
  125  10:15  Probe x2  
  125  10:16  Phoenix  
  125  10:17  Phoenix  
  125  10:19  Stalker x2  
  119  10:22  Phoenix  
  119  10:26  Shield Battery, Probe  
  119  10:27  Probe x2  
  112  10:38  Probe  
  112  10:39  Probe x2  
  112  10:41  Flux Vanes  
  112  10:46  Phoenix  
  114  10:50  Probe  
  114  10:51  Probe  
  114  10:52  Probe  
  117  10:59  Pylon  
  117  11:01  Pylon  
  117  11:11  Probe  
  113  11:23  Carrier  
  87  11:33  Carrier  
  93  11:50  Carrier  
  91  12:07  Stalker  
  93  12:09  Stalker x2  
  93  12:10  Stalker  
  101  12:33  Void Ray  
  101  12:41  Probe x3  
  101  12:43  Void Ray  
  107  13:05  Void Ray  
Show
View Real Time Build Order
Export as new Build Order

LaPanthère Zerg 

Build Orders: Pool First 

Get SALT Encoding   

  12  0:01  Drone  
  13  0:09  Drone  
  13  0:13  Extractor  
  13  0:15  Drone  
  14  0:33  Spawning Pool  
  13  0:40  Overlord  
  13  0:46  Drone  
  14  0:59  Drone  
  15  1:20  Metabolic Boost  
  15  1:21  Zergling x6  
  18  1:35  Zergling x2, Queen  
  21  1:59  Hatchery  
  21  2:00  Drone  
  21  2:07  Overlord  
  21  2:16  Zergling x2  
  20  2:26  Zergling x4  
  22  2:39  Zergling x2  
  22  2:42  Queen  
  24  2:49  Drone  
  25  2:52  Evolution Chamber  
  24  3:00  Drone  
  25  3:09  Drone  
  25  3:11  Queen  
  28  3:13  Drone  
  28  3:14  Drone  
  28  3:15  Drone  
  30  3:20  Drone  
  30  3:25  Drone x2  
  33  3:34  Zergling x4  
  35  3:44  Zergling x2  
  35  3:45  Overlord  
  36  3:49  Spine Crawler  
  35  4:00  Zergling x2  
  35  4:01  Zergling x2  
  35  4:04  Drone x3  
  35  4:09  Drone  
  38  4:13  Spore Crawler  
  38  4:14  Drone  
  38  4:18  Spore Crawler  
  38  4:20  Drone  
  38  4:26  Overlord  
  38  4:34  Drone  
  37  4:39  Zergling x4  
  38  4:48  Hatchery  
  38  4:49  Drone x2  
  39  4:54  Drone  
  39  4:55  Drone, Spore Crawler  
  40  5:00  Spore Crawler  
  40  5:04  Drone x2  
  41  5:12  Drone x2  
  42  5:16  Zerg Melee Weapons Level 1  
  42  5:18  Drone x2  
  44  5:31  Overlord  
  44  5:34  Extractor  
  43  5:38  Burrow  
  43  5:39  Drone x3  
  43  5:40  Drone x2  
  48  5:46  Drone x2  
  48  5:47  Drone  
  48  5:48  Evolution Chamber  
  49  5:55  Drone  
  49  5:56  Drone x2  
  50  6:01  Extractor, Lair  
  49  6:08  Drone x5  
  54  6:13  Drone  
  54  6:18  Extractor  
  54  6:24  Drone x4  
  58  6:26  Spine Crawler  
  58  6:28  Spore Crawler  
  58  6:30  Overlord x3  
  56  6:49  Overlord x2  
  56  6:50  Drone x6  
  56  6:51  Drone x2  
  64  6:55  Extractor x2  
  64  7:01  Roach Warren  
  61  7:05  Spire, Drone  
  61  7:10  Drone, Spine Crawler  
  61  7:11  Spine Crawler  
  61  7:12  Drone  
  61  7:13  Drone  
  61  7:15  Spine Crawler  
  61  7:18  Queen  
  63  7:23  Zerg Ground Armor Level 1  
  63  7:33  Drone  
  63  7:34  Drone x7  
  63  7:36  Overseer  
  71  7:43  Zergling x2  
  71  7:44  Zergling x10  
  77  7:50  Baneling Nest  
  76  7:57  Queen  
  78  8:03  Overlord x3  
  78  8:13  Zerg Melee Weapons Level 2  
  78  8:14  Hatchery  
  78  8:17  Mutalisk  
  78  8:18  Mutalisk  
  81  8:21  Overlord, Zerg Flyer Weapons Level 1  
  81  8:31  Drone x3  
  84  8:36  Drone x3  
  84  8:37  Evolution Chamber, Drone x2  
  88  8:41  Evolution Chamber  
  88  8:43  Zergling x2  
  88  8:44  Zergling x12  
  88  9:00  Zergling x2  
  88  9:01  Zergling x12  
  94  9:09  Mutalisk  
  94  9:10  Mutalisk x7  
  100  9:39  Mutalisk x5  
  100  9:42  Zergling x2  
  100  9:43  Zergling x12  
  117  9:51  Infestation Pit  
  116  9:55  Corruptor  
  116  9:56  Zergling x2  
  116  9:57  Zergling x2  
  116  9:58  Overlord  
  116  9:59  Overlord  
  120  10:04  Overlord x4  
  119  10:16  Queen  
  109  10:29  Mutalisk  
  109  10:30  Mutalisk x4  
  109  10:31  Overlord x2  
  111  10:42  Zergling x2  
  111  10:43  Zergling x22  
  112  10:52  Queen  
  114  10:58  Corruptor  
  114  10:59  Corruptor x3  
  122  11:08  Zerg Flyer Armor Level 1  
  122  11:10  Drone  
  122  11:11  Drone x9  
  132  11:23  Zergling x2  
  132  11:24  Zergling x16  
  140  11:27  Queen  
  119  11:35  Corruptor  
  119  11:36  Corruptor x3  
  119  11:39  Zergling x6  
  112  11:50  Corruptor  
  112  11:51  Corruptor  
  100  11:55  Zergling x18  
  107  12:03  Corruptor  
  106  12:11  Zergling x2, Corruptor, Spore Crawler  
  106  12:12  Spore Crawler  
  106  12:13  Spore Crawler  
  100  12:15  Spore Crawler  
  88  12:31  Zergling x2  
  88  12:32  Zergling x20  
  89  12:43  Corruptor x3  
  87  12:44  Spore Crawler  
  89  12:52  Zergling x10  
  82  13:01  Corruptor  
  76  13:06  Corruptor  
  60  13:29  Zergling x20  
  60  13:30  Zergling x2  
Tags
 
Composition
Carriers
Matchup
PvZ
Opening
Pool First
Spawn Locations
Cross Positions
Add a new tag
Caveats
  • Supply blocks, unpowered buildings, or Contaminate may cause inaccurate times.
  • Supply counts are checked every 10 seconds.